 Dungeon Crawl Stone Soup version 0.30-a0-341-g682706514a (webtiles) character file.

Game seed: 7644082762936644401

966 retardedninja the Chopper (level 8, -4/67 (71) HPs)
             Began as a Hill Orc Fighter on Nov 1, 2022.
             Was an Initiate of Gozag.
             Slain by a wight
             ... wielding a +7 trident of freezing
              (5 damage)
             ... on level 6 of the Dungeon.
             The game lasted 00:05:42 (4895 turns).

retardedninja the Chopper (Hill Orc Fighter)        Turns: 4895, Time: 00:05:43

HP:   -4/67 (71)    AC:  8    Str: 21    XL:     8   Next: 15%
MP:   8/8           EV:  9    Int:  8    God:    Gozag
Gold: 418           SH:  7    Dex: 10    Spells: 7/7 levels left

rFire   . . .      SeeInvis .    a - +0 war axe
rCold   . . .      Faith    .    p - +2 buckler
rNeg    . . .      Spirit   .    b - +0 scale mail
rPois   .          Reflect  .    (no helmet)
rElec   .          Harm     .    z - +0 cloak
rCorr   .          Rampage  .    (no gloves)
Will    .....                    (no boots)
Stlth   ..........               (no amulet)
HPRegen 0.31/turn                (no ring)
MPRegen 0.11/turn                (no ring)

@: hasted, drained, very quick
A: no striking features
a: Renounce Religion, Potion Petition, Call Merchant, Bribe Branch


You were on level 6 of the Dungeon.
You worshipped Gozag.
Gozag was aware of your devotion.
You visited 2 branches of the dungeon, and saw 7 of its levels.

You collected 466 gold pieces.
You paid 48 gold pieces to Gozag.

Inventory:

Hand Weapons
 a - a +0 war axe (weapon)
Armour
 b - a +0 scale mail (worn)
 p - a +2 buckler (worn)
 z - a +0 cloak (worn)
Jewellery
 d - a ring of willpower
 o - an amulet of reflection
 s - a ring of resist corrosion
 t - a ring of protection from fire
 v - a ring of flight
Scrolls
 f - 3 scrolls of enchant armour {unknown}
 g - 2 scrolls of amnesia {unknown}
 i - 2 scrolls of teleportation {unknown}
 k - a scroll of silence {unknown}
 l - 6 scrolls of identify {unknown}
 m - 2 scrolls of fear {unknown}
 n - 2 scrolls of enchant weapon {unknown}
 q - a scroll of vulnerability {unknown}
 x - a scroll of noise {unknown}
 y - a scroll of immolation {unknown}
 B - a scroll of torment {unknown}
Potions
 c - 2 potions of mutation {unknown}
 e - 2 potions of degeneration
 h - a potion of haste
 j - 2 potions of heal wounds {unknown}
 r - a potion of flight
 u - a potion of ambrosia {unknown}
 w - 2 potions of attraction {unknown}
 A - 2 potions of invisibility {unknown}
 C - a potion of brilliance
 D - 2 potions of curing
 E - 2 potions of magic {unknown}


   Skills:
 + Level 6.5 Fighting
 + Level 6.5 Axes
 + Level 5.9 Armour
 + Level 5.9 Shields


You had 7 spell levels left.
You didn't know any spells.
Your spell library contained the following spells:

 Spells                   Type           Power      Damage    Failure   Level
 Dazzling Flash           Conj/Hex       0%         N/A       99%         3
 Iskenderun's Mystic Bla  Conj/Tloc      0%         2d3       100%        4
 Starburst                Conj/Fire      0%         6d3       100%        6


Dungeon Overview and Level Annotations

Branches:
Dungeon (6/15)             Temple (1/1) D:4

Altars:
Dithmenos
Fedhas
Gozag
Okawaru
Ru
Trog
Zin

Shops:
D:1 *   D:2 *   D:3 =


Message History

The wight is almost destroyed.
You hit the human. The wight barely misses you. You block the human's attack.
You hit the wight.
You destroy the wight!
You closely miss the human.
The human is distracted by your dazzling golden aura.
You closely miss the human.
The human is no longer distracted by gold.
The human shouts!
The human is lightly wounded.
You block the human's attack.
You slash the human!
The human is heavily wounded.
You block the human's attack.
You barely miss the human.
The human is heavily wounded.
A wight comes into view.
It is wielding a +7 trident of freezing.
The human hits you.
* * * LOW HITPOINT WARNING * * *
You hit the human.
The human is heavily wounded.
You hit the human but do no damage.
The human is heavily wounded.
The human hits you.
* * * LOW HITPOINT WARNING * * *
You closely miss the human.
The human is heavily wounded.
The wight closely misses you. The human hits you but does no damage.
You slash the human!
The human is almost dead.
You block the wight's attack. You block the human's attack.
You hit the human but do no damage.
The human is almost dead.
The wight hits you from afar with a +7 trident of freezing!
* * * LOW HITPOINT WARNING * * *
You feel drained.
* * * LOW HITPOINT WARNING * * *
The wight freezes you.
You die...
Your body crumbles into a pile of gold.

# ###. ##### ..)# # .....
#.z# .# # #.$######...
###### #$@p#.....p
.....############[..##...
.........................
.###..#######........####
.# ....## #..<.....# .###
#....#.......># ...#
#####......######
##.###.....###.###
##.....#######..)#


You could see a human and a wight.

Vanquished Creatures
  Menkaure (D:4)
  3 ogres
  A centaur (D:6)
  A necrophage (D:5)
  A scorpion (D:4)
  2 wights (D:6)
  4 hounds (D:5)
  An iguana (D:4)
  8 adders
  An ufetubus (D:5)
  A worm (D:3)
  3 dart slugs
  6 orcs
  6 ball pythons
  3 endoplasms
  3 giant cockroaches
  6 goblins
  11 hobgoblins
  6 jackals (D:2)
  5 kobolds
  A quokka (D:4)
  4 bats
  4 frilled lizards
  4 rats
86 creatures vanquished.

Vanquished Creatures (others)
  3 plants (D:1)
3 creatures vanquished.

Grand Total: 89 creatures vanquished

Notes
Turn   | Place    | Note
-------+----------+-------------------------------------------
     0 | D:1      | retardedninja the Hill Orc Fighter began the quest for the
                  | Orb.
     0 | D:1      | Reached XP level 1. HP: 19/19 MP: 1/1
    39 | D:1      | Found Varoishru's Assorted Antiques.
    70 | D:1      | Found a faded altar of an unknown god.
   238 | D:1      | Reached XP level 2. HP: 27/27 MP: 2/2
   577 | D:2      | Found Asuos's Assorted Antiques.
   663 | D:2      | Reached XP level 3. HP: 31/33 MP: 3/3
  1530 | D:3      | Reached XP level 4. HP: 40/40 MP: 4/4
  1616 | D:3      | Found Lebia's Jewellery Boutique.
  2132 | D:4      | Noticed a scorpion
  2139 | D:4      | Killed a scorpion
  2140 | D:4      | Reached XP level 5. HP: 13/47 MP: 5/5
  2594 | D:4      | Noticed Menkaure
  2604 | D:4      | Killed Menkaure
  2605 | D:4      | Reached skill level 5 in Fighting
  2605 | D:4      | Reached XP level 6. HP: 9/56 MP: 6/6
  2953 | D:4      | Reached skill level 5 in Axes
  3289 | D:4      | Found a staircase to the Ecumenical Temple.
  3344 | Temple   | Entered the Ecumenical Temple
  3375 | Temple   | Became a worshipper of Gozag Ym Sagoz the Greedy
  3867 | D:5      | Entered Level 5 of the Dungeon
  3882 | D:5      | Reached skill level 5 in Armour
  3882 | D:5      | Reached skill level 5 in Shields
  3882 | D:5      | Reached XP level 7. HP: 57/61 MP: 7/7
  4662 | D:6      | Reached XP level 8. HP: 42/71 MP: 8/8
  4895 | D:6      | HP: 1/67 [wight/+7 trident of freezing (5)]
  4895 | D:6      | Slain by a wight

Illustrated notes

Levels and vault maps discovered:
D:1:      scummos_arrival_hexagon, layout_rooms, serial_shops,
          nicolae_shop_trees, hellmonk_ecumenical_altar_leap_of_faith,
          chequers_big_river, chequers_mini_garden
D:2:      layout_basic, serial_shops, nicolae_shop_hallway_stairs
D:3:      minmay_evil_eye, layout_loops_ring, serial_shops, shop
D:4:      layout_cave_pools, minmay_temple_entry_drinking_statues, hex_large,
          uniq_menkaure
D:5:      layout_gridville, minmay_misc_feat_cross
D:6:      layout_rooms, minmay_ruffians
Temple:   minmay_crystal_snake_temple

Skill      XL: |  1  2  3  4  5  6  7 |
---------------+----------------------+-----
Axes           | 3 4 5 6 |  6.5
Fighting       | 4 5 6 |  6.5
Armour         | 4 5 |  5.9
Shields        | 4 5 |  5.9

Action                   |  1- 3 |  4- 6 |  7- 9 || total
-------------------------+-------+-------+-------++-------
Melee: War axe           |   107 |    95 |    76 ||   278
  Use: Potion            |       |     7 |     2 ||     9
Armor: Scale mail        |    66 |    36 |    25 ||   127
Dodge: Dodged            |    73 |    30 |    29 ||   132
Block: Buckler           |    25 |    18 |    29 ||    72

Table legend: (Time is in decaauts)
 A = Elapsed time spent in this place.
 B = Non-inter-level travel time spent in this place.
 C = Inter-level travel time spent in this place.
 D = Time resting spent in this place.
 E = Time spent auto-exploring this place.
 F = Levels seen in this place.
 G = Mean time per level.
                   A        B        C        D        E       F      G
               +--------+--------+--------+--------+--------+-----+--------+
         Total |   4960 |   4792 |    168 |   1100 |   2952 |   7 |  708.6 |
       Dungeon |   4904 |   4759 |    145 |   1100 |   2927 |   6 |  817.3 |
        Temple |     55 |     32 |     23 |      0 |     25 |   1 |   55.0 |
               +--------+--------+--------+--------+--------+-----+--------+

Top non-repeatable levels by time:
     D:4: 1664 daAuts
     D:3: 1074 daAuts
     D:5: 750 daAuts
     D:1: 608 daAuts
     D:2: 514 daAuts
     D:6: 292 daAuts
  Temple: 55 daAuts
